 Dungeon Crawl Stone Soup version 0.28.0-47-ge53b351184 (console) character file.

Game seed: 10213992757639821057

515 Cab the Chopper (level 7, 0/52 HPs)
             Began as a Demonspawn Fighter on May 5, 2022.
             Slain by a hornet (8 damage)
             ... while paralysed by a hornet
             ... on level 5 of the Dungeon.
             The game lasted 00:09:51 (4662 turns).

Cab the Chopper (Demonspawn Fighter)                Turns: 4662, Time: 00:09:51

Health: 0/52       AC:  8    Str: 18    XL:     7   Next: 0%
Magic:  7/7        EV:  2    Int: 16    God:
Gold:   116        SH:  0    Dex: 20    Spells: 6/6 levels left

rFire   . . .      SeeInvis .   a - +0 war axe
rCold   . . .      Faith    .   c - +0 buckler
rNeg    . . .      Spirit   .   b - +0 scale mail
rPois   .          Reflect  .   (helmet restricted)
rElec   .          Harm     .   m - +1 cloak
rCorr   .          Rampage  .   (no gloves)
Will    .....                   (no boots)
Stlth   +.........              (no amulet)
HPRegen 0.17/turn               h - +6 ring of dexterity
MPRegen 0.10/turn               i - +6 ring of intelligence

@: paralysed, lethally poisoned (0 -> -9), slowed
A: horns 2, thin skeletal structure 1, spiny 1
a: no special abilities


You were on level 5 of the Dungeon.
You visited 1 branch of the dungeon, and saw 5 of its levels.

You collected 116 gold pieces.

Inventory:

Hand Weapons
 a - a +0 war axe (weapon)
Armour
 b - a +0 scale mail (worn)
 c - a +0 buckler (worn)
 m - a +1 cloak (worn)
Jewellery
 h - a +6 ring of dexterity (left hand)
 i - a +6 ring of intelligence (right hand)
Scrolls
 d - 2 scrolls of fear
 e - 2 scrolls of identify
 l - 2 scrolls of teleportation
Potions
 f - a potion of magic
 g - a potion of degeneration {unknown}
 j - a potion of lignification {unknown}
 k - a potion of flight {unknown}


   Skills:
 - Level 3.0 Fighting
 + Level 7.0 Axes
 - Level 2.6 Armour
 - Level 2.6 Shields


You had 6 spell levels left.
You didn't know any spells.
Your spell library contained the following spells:

 Spells                   Type           Power      Damage    Failure   Level
 Gell's Gravitas          Tloc           0%         N/A       97%         3
 Lesser Beckoning         Tloc           0%         N/A       97%         3
 Teleport Other           Tloc           0%         N/A       97%         3


Dungeon Overview and Level Annotations

Branches:
Dungeon (5/15)
 Temple: D:4-7

Altars:
Cheibriados


Innate Abilities, Weirdness & Mutations

You have a pair of horns on your head.
You have a somewhat thin skeletal structure. (Dex +2, Stealth+)
You are partially covered in sharp spines.


Message History

You have reached level 7!
Press: ? - help, v - describe, . - travel
Here: a hornet The floor.
You hit the hornet.
The hornet is lightly wounded.
The hornet is struck by your spines. The hornet barely misses you.
You block the hornet's attack.
You hit the hornet but do no damage. Your headbutt misses the hornet.
The hornet is lightly wounded.
You block the hornet's attack.
You barely miss the hornet.
The hornet is lightly wounded.
The hornet stings you.
You suddenly lose the ability to move!
The hornet stings you but does no damage.
The hornet is struck by your spines. The hornet stings you.
You feel yourself slow down. The hornet is struck by your spines.
The hornet stings you but does no damage.
You can move again.
You closely miss the hornet.
The hornet is moderately wounded.
The hornet is struck by your spines.
The hornet stings you but does no damage.
The hornet closely misses you. The hornet is struck by your spines.
The hornet stings you!
You feel as though you will be slow longer.
You barely miss the hornet. You headbutt the hornet!
The hornet is severely wounded.
The hornet stings you but does no damage.
You block the hornet's attack. The hornet misses you.
You closely miss the hornet.
The hornet is severely wounded.
The hornet stings you but does no damage.
The hornet is struck by your spines. The hornet stings you.
You are lethally poisoned!
You suddenly lose the ability to move!
* * * LOW HITPOINT WARNING * * *
You feel very sick. The hornet stings you!
You die...

▒▒▒▒▒▒▒▒▒
▒>∙∙∙∙∙∙∙
▒∙▒▒▒∙▒▒▒
▒∙▒ ▒∙∙▒ ▒∙▒
▒▒∙▒
▒▒▒▒▒▒▒▒▒▒∙▒
∙▒
▒∙∙∙∙∙∙∙∙∙∙▒
∙∙
▒@▒▒▒▒▒▒▒▒▒▒
▒∙▒ ▒y▒ ∙▒
▒)▒ ▒∙▒ ▒∙▒
▒∙▒ ▒∙▒ ▒∙▒
▒∙▒


You could see a hornet.

Vanquished Creatures
  2 ogres
  A bullfrog zombie (D:5)
  An orc priest (D:4)
  3 iguanas
  An orc wizard (D:4)
  3 gnolls (D:2)
  7 adders
  2 worms
  A dart slug (D:1)
  6 orcs (D:4)
  4 bats
  12 endoplasms
  3 giant cockroaches
  8 goblins
  6 hobgoblins
  6 jackals
  A quokka (D:4)
  6 ball pythons
  3 frilled lizards
  8 kobolds
  A rat (D:1)
85 creatures vanquished.

Notes
Turn   | Place    | Note
-------+----------+-------------------------------------------
     0 | D:1      | Cab the Demonspawn Fighter began the quest for the Orb.
     0 | D:1      | Reached XP level 1. HP: 18/18 MP: 1/1
    38 | D:1      | Reached skill level 2 in Axes
   330 | D:1      | Gained mutation: You have a pair of small horns on your
                  | head. [demonic ancestry]
   330 | D:1      | Reached XP level 2. HP: 17/24 MP: 2/2
   728 | D:1      | Reached skill level 3 in Axes
  1077 | D:2      | Gained mutation: You have a pair of horns on your head.
                  | [demonic ancestry]
  1077 | D:2      | Reached XP level 3. HP: 8/29 MP: 3/3
  2104 | D:2      | Gained mutation: You are partially covered in sharp spines.
                  | [demonic ancestry]
  2104 | D:2      | Reached XP level 4. HP: 32/35 MP: 4/4
  2105 | D:2      | Reached skill level 4 in Axes
  2773 | D:3      | Found a faded altar of an unknown god.
  2944 | D:3      | Found a snail-covered altar of Cheibriados.
  2980 | D:3      | Reached XP level 5. HP: 28/41 MP: 5/5
  3471 | D:3      | Identified the +0 leather armour of the Goldsmith {Slay+3}
  3475 | D:3      | Reached skill level 5 in Axes
  3921 | D:4      | Noticed an ogre
  3926 | D:4      | Killed an ogre
  3930 | D:4      | Gained mutation: You have a somewhat thin skeletal
                  | structure. (Dex +2, Stealth+) [demonic ancestry]
  3930 | D:4      | Reached XP level 6. HP: 15/47 MP: 6/6
  4284 | D:4      | Reached skill level 6 in Axes
  4596 | D:5      | Entered Level 5 of the Dungeon
  4644 | D:5      | Noticed a hornet
  4653 | D:5      | Reached skill level 7 in Axes
  4653 | D:5      | Reached XP level 7. HP: 29/52 MP: 7/7
  4657 | D:5      | Paralysed by a hornet for 2 turns
  4661 | D:5      | Paralysed by a hornet for 3 turns
  4662 | D:5      | Slain by a hornet

Illustrated notes

Levels and vault maps discovered:
D:1:      mrwooster_arrival_statue_3, layout_loops_ring
D:2:      layout_loops_corners
D:3:      layout_rooms, lemuel_round_altar, serial_co_window_serial,
          co_window_of_opportunity_a, co_window_corner_a, co_window_corner_a,
          co_window_cross_1, co_window_paths_b, co_window_cross_1,
          co_window_of_opportunity_a, co_window_unsneaky_path_a,
          co_window_of_opportunity_b, co_window_of_opportunity_b,
          co_window_broadway_b, co_window_paths_e, co_window_paths_d,
          glass_columns_a, nicolae_ecumenical_pavilion
D:4:      layout_rooms
D:5:      layout_basic, minmay_temple_entry_glassed_door,
          gammafunk_ghost_abyssal_escape

Skill      XL: |  1  2  3  4  5  6 |
---------------+-------------------+-----
Axes           | 2 3 4 5 7 |  7.0
Fighting       | |  3.0
Armour         | |  2.6
Shields        | |  2.6

Action                   |  1- 3 |  4- 6 |  7- 9 || total
-------------------------+-------+-------+-------++-------
Melee: War axe           |    88 |    91 |     6 ||   185
       Headbutt          |     8 |    15 |     1 ||    24
  Use: Scroll            |       |    10 |       ||    10
       Potion            |       |     2 |       ||     2
Armor: Scale mail        |    35 |    29 |     5 ||    69
Dodge: Dodged            |    41 |    43 |     3 ||    87
Block: Buckler           |    23 |    24 |     3 ||    50
